 Dungeon Crawl Stone Soup version 0.29-a0-997-gf6f7e2dfe7 (webtiles) character file.

Game seed: 9171937501843956961

431 kobite the Trooper (level 7, -1/64 HPs)
             Began as a Naga Fighter on Aug 4, 2022.
             Slain by an orc warrior
             ... wielding a +0 scimitar
              (18 damage)
             ... on level 5 of the Dungeon.
             The game lasted 00:08:50 (4490 turns).

kobite the Trooper (Naga Fighter)                   Turns: 4490, Time: 00:08:51

Health: -1/64      AC:  6    Str: 13 (16) XL:     7   Next: 0%
Magic:  7/7        EV:  7    Int:  5 (7)  God:
Gold:   177        SH:  5    Dex: 19 (22) Spells: 6/6 levels left

rFire   . . .      SeeInvis +   f - +2 whip (venom)
rCold   . . .      Faith    .   c - +0 buckler
rNeg    . . .      Spirit   .   b - +0 scale mail
rPois   +          Reflect  .   (no helmet)
rElec   .          Harm     .   (no cloak)
rCorr   .          Rampage  .   (no gloves)
Will    .....      Clarity  +   (no barding)
Stlth   +.........              i - amulet of the acrobat
HPRegen 0.20/turn               t - +6 ring of dexterity
MPRegen 0.10/turn               (no ring)

@: very slow
A: AC +2, large, see invisible, deformed body, poison resistance, slowness 2,
spit poison 1, naga tail 1, agile 1, clarity, weak 1
a: Spit Poison


You were on level 5 of the Dungeon.
You visited 1 branch of the dungeon, and saw 5 of its levels.

You collected 177 gold pieces.

Inventory:

Hand Weapons
 a - a +1 long sword
 f - a +2 whip of venom (weapon)
 m - a +2 battleaxe of flaming
Missiles
 l - 3 poisoned darts
Armour
 b - a +0 scale mail (worn)
 c - a +0 buckler (worn)
Jewellery
 i - an amulet of the acrobat (around neck)
 s - an amulet of magic regeneration
 t - a +6 ring of dexterity (left hand)
Scrolls
 d - 3 scrolls of teleportation
 g - 2 scrolls of fear
 j - a scroll of enchant weapon
 n - a scroll of blinking
 p - a scroll of identify
Potions
 e - a potion of cancellation
 h - a potion of haste
 k - a potion of flight {unknown}


   Skills:
 + Level 4.1 Fighting
 + Level 2.9 Long Blades
 + Level 3.4 Maces & Flails
 + Level 3.9 Armour
 + Level 1.1 Dodging
 + Level 1.3 Stealth
 + Level 3.2 Shields


You had 6 spell levels left.
You didn't know any spells.
Your spell library contained the following spells:

 Spells                   Type           Power      Damage    Failure   Level
 Portal Projectile        Hex/Tloc       0%         N/A       100%        3
 Tukima's Dance           Hex            0%         N/A       100%        3
 Blade Hands              Tmut           0%         N/A       100%        5


Dungeon Overview and Level Annotations

Branches:
Dungeon (5/15)
 Temple: D:4-7

Altars:
Xom


Innate Abilities, Weirdness & Mutations

Your serpentine skin is tough. (AC +2)
You have supernaturally acute eyesight. (SInv)
Armour fits poorly on your strangely shaped body.
Your system is resistant to poisons. (rPois)
You cover ground very slowly.
You can spit poison.
You have a snake-like lower body.
You are agile. (Dex +4, Str/Int -1)
You possess an exceptional clarity of mind.
You are weak. (Str -2)


Message History

The orc wizard points at you and mumbles some strange words.
You feel momentarily confused.
The orc warrior shoots a bolt.
The bolt hits you!
The orc wizard points at you and mumbles some strange words.
The puff of flame hits you.
The orc warrior shoots a bolt.
The bolt misses you.
The orc warrior shoots a bolt.
The bolt completely misses you.
The orc warrior shoots a bolt.
The bolt closely misses you.
You hear a distant slurping noise.
The orc warrior shoots a bolt.
The bolt completely misses you.
The orc warrior unwields a +0 arbalest.
The orc warrior wields a +0 scimitar.
You block the orc warrior's attack.
You barely miss the orc warrior.
The orc wizard points at you and mumbles some strange words.
The magic dart hits you.
The orc warrior hits you with a +0 scimitar!
You are too injured to fight recklessly!
You hit the orc warrior.
The orc warrior is poisoned.
The orc warrior is lightly wounded.
You hit the orc warrior but do no damage.
The orc warrior looks even sicker.
The orc warrior is moderately wounded.
The orc warrior hits you with a +0 scimitar!!
* * * LOW HITPOINT WARNING * * *
The orc wizard hits you but does no damage.
Blink to where?
Press: ? - help, Dir - move target
As you read the scroll of blinking, it crumbles to dust.
The orc wizard casts a spell.
The orc wizard flickers and vanishes for a moment.
Okay, then.
You feel better.
The orc warrior hits you with a +0 scimitar.
* * * LOW HITPOINT WARNING * * *
You are too injured to fight recklessly!
You hit the orc warrior.
The orc warrior looks as sick as possible!
The orc warrior is moderately wounded.
The orc warrior hits you with a +0 scimitar!!
You die...

# ######o...#
###.##.........##
#...............#
#.#.##..###.##o.#
#..###.##..#
#..##..##.<#
#..##.###..#
#..###..##.# #..#
#......<##@###..#
##.###....#oo...#
###.###.#########.
#.## ##..........
##.###.#########.
##.#.## ##.## ###


You could see an orc warrior (extremely poisoned) and an orc wizard (invisible).

Vanquished Creatures
  An ogre (D:4)
  A scorpion (D:3)
  A jelly (D:4)
  An iguana (D:4)
  Terence (D:2)
  2 orc wizards (D:3)
  Robin (D:4)
  3 adders
  6 dart slugs
  19 orcs
  4 bats
  4 endoplasms
  4 giant cockroaches
  14 goblins
  6 hobgoblins
  7 jackals
  5 kobolds
  2 quokkas (D:3)
  4 ball pythons
  3 frilled lizards
  2 rats
91 creatures vanquished.

Notes
Turn   | Place    | Note
-------+----------+-------------------------------------------
     0 | D:1      | kobite the Naga Fighter began the quest for the Orb.
     0 | D:1      | Reached XP level 1. HP: 21/21 MP: 1/1
   131 | D:1      | Reached XP level 2. HP: 21/28 MP: 2/2
  1198 | D:2      | Reached XP level 3. HP: 33/34 MP: 3/3
  1331 | D:2      | Found a faded altar of an unknown god.
  1411 | D:2      | Noticed Terence
  1428 | D:2      | Killed Terence
  1561 | D:2      | Reached XP level 4. HP: 40/42 MP: 4/4
  2070 | D:3      | Reached XP level 5. HP: 42/49 MP: 5/5
  2230 | D:3      | Reached skill level 1 in Maces & Flails
  2251 | D:3      | Reached skill level 1 in Stealth
  2673 | D:3      | Identified the +9 great mace "Risu Fon" {pain, Will+++
                  | Str-4 SInv Stlth+}
  3029 | D:3      | Reached XP level 6. HP: 39/57 MP: 6/6
  3211 | D:4      | Reached skill level 1 in Dodging
  3399 | D:4      | Found a shimmering altar of Xom.
  3847 | D:4      | Reached skill level 4 in Fighting
  3852 | D:4      | Gained mutation: You are weak. (Str -2) [potion of
                  | mutation]
  3852 | D:4      | Gained mutation: You are agile. (Dex +4, Str/Int -1)
                  | [potion of mutation]
  3852 | D:4      | Gained mutation: You possess an exceptional clarity of
                  | mind. [potion of mutation]
  4110 | D:4      | Noticed Robin
  4121 | D:4      | Killed Robin
  4413 | D:5      | Entered Level 5 of the Dungeon
  4428 | D:5      | Reached XP level 7. HP: 63/64 MP: 7/7
  4490 | D:5      | Slain by an orc warrior

Illustrated notes

Levels and vault maps discovered:
D:1:      tarquinn_simple_flora_water_d, layout_basic
D:2:      layout_rooms, ebering_ecumenical_altar_mist, uniq_terence
D:3:      layout_basic, minmay_checkerbox
D:4:      layout_loops_ring, mainiacjoe_overflow_concentric_impassable,
          grunt_ministairs_4, minmay_cut_off, uniq_robin
D:5:      layout_loops_corners, mainiacjoe_overflow_24_doors, minivault_19,
          uniq_prince_ribbit1, uniq_menkaure

Skill      XL: |  1  2  3  4  5  6 |
---------------+-------------------+-----
Armour         | 3 |  3.9
Shields        | 3 |  3.2
Maces & Flails | 2 3 |  3.4
Stealth        | 1 |  1.3
Dodging        | 1 |  1.1
Fighting       | 4 |  4.1
Long Blades    | |  2.9

Action                   |  1- 3 |  4- 6 |  7- 9 || total
-------------------------+-------+-------+-------++-------
Melee: Long sword        |    80 |       |       ||    80
       Whip              |    15 |   182 |     4 ||   201
  Use: Scroll            |     2 |    10 |     1 ||    13
       Potion            |     1 |     4 |     1 ||     6
 Stab: Distracted        |       |     1 |       ||     1
Armor: Scale mail        |    39 |    74 |     1 ||   114
Dodge: Dodged            |    34 |    56 |     6 ||    96
Block: Buckler           |    23 |    26 |     1 ||    50

Table legend: (Time is in decaauts)
 A = Elapsed time spent in this place.
 B = Non-inter-level travel time spent in this place.
 C = Inter-level travel time spent in this place.
 D = Time resting spent in this place.
 E = Time spent auto-exploring this place.
 F = Levels seen in this place.
 G = Mean time per level.
                   A        B        C        D        E       F      G
               +--------+--------+--------+--------+--------+-----+--------+
         Total |   5350 |   5167 |    183 |    261 |   4184 |   5 | 1070.0 |
       Dungeon |   5350 |   5167 |    183 |    261 |   4184 |   5 | 1070.0 |
               +--------+--------+--------+--------+--------+-----+--------+

Top non-repeatable levels by time:
     D:3: 1690 daAuts
     D:4: 1458 daAuts
     D:1: 1308 daAuts
     D:2: 793 daAuts
     D:5: 99 daAuts
